 Dungeon Crawl Stone Soup version 0.29-a0-364-g921d912d32 (webtiles) character file.

Game seed: 7120933857598487214

805 Essalna the Ruffian (level 7, 0/72 HPs)
             Began as a Troll Monk on Apr 30, 2022.
             Was a Believer of Wu Jian.
             Slain by a kobold
             ... wielding a +0 short sword
              (3 damage)
             ... on level 7 of the Dungeon.
             The game lasted 00:07:02 (3531 turns).

Essalna the Ruffian (Troll Monk)                    Turns: 3531, Time: 00:07:02

Health: 0/72       AC:  4    Str: 22    XL:     7   Next: 60%
Magic:  6/6        EV: 10    Int:  6    God:    Wu Jian [**....]
Gold:   229        SH:  0    Dex: 12    Spells: 6/6 levels left

rFire   . . .      SeeInvis .     - Unarmed
rCold   . . .      Faith    .   (no shield)
rNeg    + . .      Spirit   .   a - +0 robe
rPois   .          Reflect  .   (helmet restricted)
rElec   .          Harm     .   (no cloak)
rCorr   .          Rampage  .   (gloves unavailable)
Will    .....                   (boots unavailable)
Stlth   ++........              (no amulet)
HPRegen 1.02/turn               c - ring of positive energy
MPRegen 0.10/turn               (no ring)

@: no status effects
A: large, unfitting armour, claws 3, regeneration 1, shaggy fur 1, tough skin 1
a: Renounce Religion, Wall Jump


You were on level 7 of the Dungeon.
You worshipped Wu Jian.
Wu Jian was pleased with you.
You visited 2 branches of the dungeon, and saw 8 of its levels.

You collected 229 gold pieces.

Inventory:

Armour
 a - a +0 robe (worn)
Jewellery
 c - a ring of positive energy (left claw)
Wands
 q - a wand of acid (2)
Scrolls
 f - 2 scrolls of vulnerability {unknown}
 g - 10 scrolls of teleportation {unknown}
 h - a scroll of fog {unknown}
 j - 4 scrolls of identify {unknown}
 n - a scroll of immolation {unknown}
 o - 3 scrolls of enchant armour {unknown}
Potions
 b - 3 potions of ambrosia
 d - 5 potions of heal wounds {unknown}
 e - 7 potions of curing {unknown}
 i - 3 potions of attraction {unknown}
 k - a potion of lignification {unknown}
 l - a potion of berserk rage {unknown}
 m - a potion of degeneration {unknown}
 p - a potion of resistance {unknown}


   Skills:
 + Level 5.6 Fighting
 - Level 2.4 Dodging
 - Level 1.0 Stealth
 + Level 6.7 Unarmed Combat


You had 6 spell levels left.
You didn't know any spells.
Your spell library contained the following spells:

 Spells                   Type           Power      Damage    Failure   Level
 Animate Skeleton         Necr           0%         N/A       45%         1
 Apportation              Tloc           0%         N/A       45%         1
 Foxfire                  Conj/Fire      0%         2x1d4     45%         1
 Summon Small Mammal      Summ           0%         N/A       45%         1
 Call Canine Familiar     Summ           0%         N/A       83%         3
 Conjure Flame            Conj/Fire      0%         6-21      83%         3
 Inner Flame              Hex/Fire       0%         N/A       83%         3
 Portal Projectile        Hex/Tloc       0%         N/A       83%         3
 Flame Wave               Conj/Fire      0%         2d4       99%         4
 Leda's Liquefaction      Hex/Erth       0%         N/A       99%         4


Dungeon Overview and Level Annotations

Branches:
Dungeon (7/15)             Temple (1/1) D:5

Altars:
Ashenzari
Elyvilon
Gozag
Hepliaklqana
Makhleb
Nemelex Xobeh
Qazlal
Ru
Uskayaw
Vehumet
Wu Jian
Xom
Zin

Shops:
D:4 *


Innate Abilities, Weirdness & Mutations

You are too large for most types of armour.
You have claws for hands.
Your natural rate of healing is unusually fast.
You are covered in fur. (AC +1)
You have tough skin. (AC +1)


Message History

The adder is severely wounded.
You feel very sick. The adder barely misses you.
You claw the adder!
You kill the adder!
The Council accepts your kill.
You feel sick. The scorpion stings you.
* * * LOW HITPOINT WARNING * * *
You feel sick.
An orc comes into view. It is wielding a +0 flail.
You feel sick.
You feel sick. The scorpion barely misses you.
You spin and attack the scorpion.
You barely miss the scorpion.
You feel sick. The scorpion closely misses you.
The scorpion attacks as you move away! The scorpion stings you.
* * * LOW HITPOINT WARNING * * *
You feel sick.
There is a stone staircase leading down here.
You feel sick. The scorpion barely misses you.
The kobold hits you but does no damage.
You climb downwards.
There is a stone staircase leading up here.
You claw the scorpion!
The scorpion is severely wounded.
You feel sick.
You are no longer poisoned.
The scorpion stings you but does no damage.
The kobold completely misses you.
You scratch the scorpion.
The scorpion is almost dead.
The scorpion barely misses you. The kobold barely misses you.
You scratch the scorpion but do no damage.
The scorpion is almost dead.
The scorpion misses you. The kobold barely misses you.
You scratch the scorpion.
The scorpion is almost dead.
The scorpion stings you.
* * * LOW HITPOINT WARNING * * *
The kobold hits you with a +0 short sword.
You die...

#.# #.# #.#
#.# ...
#.####.#######
#....s.K......
#@# ###


You could see a scorpion and a kobold.

Vanquished Creatures
  A water moccasin (D:5)
  An ogre (D:4)
  A phantom (D:3)
  A scorpion (D:5)
  A jelly (D:4)
  2 hounds
  2 iguanas
  Jessica (D:2)
  3 orc wizards
  10 gnolls
  5 adders
  3 worms (D:2)
  2 dart slugs (D:2)
  9 orcs
  8 ball pythons
  5 endoplasms
  2 giant cockroaches
  8 goblins
  5 hobgoblins
  A quokka (D:2)
  5 bats
  15 frilled lizards
  8 kobolds
  6 rats
105 creatures vanquished.

Vanquished Creatures (others)
  5 plants (D:5)
5 creatures vanquished.

Grand Total: 110 creatures vanquished

Notes
Turn   | Place    | Note
-------+----------+-------------------------------------------
     0 | D:1      | Essalna the Troll Monk began the quest for the Orb.
     0 | D:1      | Reached XP level 1. HP: 22/22 MP: 0/0
   148 | D:1      | Reached XP level 2. HP: 29/29 MP: 1/1
   653 | D:2      | Reached XP level 3. HP: 35/37 MP: 2/2
   757 | D:2      | Noticed Jessica
   763 | D:2      | Killed Jessica
   764 | D:2      | Reached skill level 4 in Unarmed Combat
   764 | D:2      | Reached XP level 4. HP: 45/45 MP: 3/3
   935 | D:2      | Found a faded altar of an unknown god.
  1426 | D:3      | Noticed a phantom
  1442 | D:3      | Killed a phantom
  1443 | D:3      | Reached XP level 5. HP: 42/54 MP: 4/4
  1717 | D:3      | Reached skill level 5 in Unarmed Combat
  1967 | D:4      | Reached XP level 6. HP: 53/62 MP: 5/5
  2000 | D:4      | Found Mubluttu's General Store.
  2941 | D:5      | Entered Level 5 of the Dungeon
  2942 | D:5      | Found a staircase to the Ecumenical Temple.
  2950 | D:5      | Reached skill level 6 in Unarmed Combat
  2962 | D:5      | Reached skill level 5 in Fighting
  2973 | D:5      | Reached XP level 7. HP: 22/72 MP: 6/6
  3053 | Temple   | Entered the Ecumenical Temple
  3249 | Temple   | Became a worshipper of the Wu Jian Council
  3249 | Temple   | Reached * piety under Wu Jian
  3249 | Temple   | Reached ** piety under Wu Jian
  3525 | D:6      | HP: 2/72 [scorpion (4)]
  3531 | D:7      | HP: 3/72 [scorpion (3)]
  3531 | D:7      | Slain by a kobold

Illustrated notes

Levels and vault maps discovered:
D:1:      dpeg_arrival_rhombus, layout_basic
D:2:      layout_basic, hellmonk_ecumenical_altar_leap_of_faith, uniq_jessica
D:3:      layout_rooms
D:4:      layout_loops_corners, serial_shops, nicolae_shop_hallway_plus
D:5:      layout_cave_pools, kennysheep_orc_sif_temple,
          mainiacjoe_overflow_six_doors_small, minmay_temple_entry_mist,
          minmay_lizard_king
D:6:      layout_basic, lemuel_crystal_altar, gammafunk_ghost_smash
D:7:      lemuel_ratsnest, layout_basic, nicolae_overflow_squiral,
          lightli_church_of_beogh
Temple:   oiseaux_autumnal_temple

Skill      XL: |  1  2  3  4  5  6 |
---------------+-------------------+-----
Fighting       | 3 4 5 |  5.6
Unarmed Combat | 4 5 6 |  6.7
Dodging        | |  2.4
Stealth        | |  1.0

Action                   |  1- 3 |  4- 6 |  7- 9 || total
-------------------------+-------+-------+-------++-------
Melee: Unarmed           |    63 |   147 |    72 ||   282
       Punch             |     2 |     3 |     4 ||     9
Invok: Whirlwind         |       |       |     9 ||     9
       Lunge             |       |       |     2 ||     2
 Stab: Sleeping          |     4 |     5 |       ||     9
       Distracted        |       |     1 |       ||     1
Armor: Robe              |    18 |    40 |    22 ||    80
Dodge: Dodged            |    34 |    68 |    53 ||   155

Table legend: (Time is in decaauts)
 A = Elapsed time spent in this place.
 B = Non-inter-level travel time spent in this place.
 C = Inter-level travel time spent in this place.
 D = Time resting spent in this place.
 E = Time spent auto-exploring this place.
 F = Levels seen in this place.
 G = Mean time per level.
                   A        B        C        D        E       F      G
               +--------+--------+--------+--------+--------+-----+--------+
         Total |   3518 |   3313 |    205 |      0 |   2581 |   8 |  439.8 |
       Dungeon |   3282 |   3156 |    126 |      0 |   2442 |   7 |  468.9 |
        Temple |    236 |    157 |     79 |      0 |    139 |   1 |  236.0 |
               +--------+--------+--------+--------+--------+-----+--------+

Top non-repeatable levels by time:
     D:4: 975 daAuts
     D:2: 769 daAuts
     D:1: 612 daAuts
     D:3: 573 daAuts
     D:5: 333 daAuts
  Temple: 236 daAuts
     D:6: 15 daAuts
     D:7: 3 daAuts
